 Dungeon Crawl Stone Soup version 0.28.0-53-g5a82cb258f (webtiles) character file.

Game seed: 12828704990737528643

139689 quokkamancerX the Marksghoul (level 17, -7/156 HPs)
             Began as a Ghoul Gladiator on July 10, 2022.
             Was a High Priest of Okawaru.
             Mangled by an entropy weaver (9 damage)
             ... on level 2 of the Spider Nest.
             The game lasted 01:59:26 (45677 turns).

quokkamancerX the Marksghoul (Ghoul Gladiator)     Turns: 45677, Time: 01:59:26

Health: -7/156     AC: 16    Str: 26    XL:     17   Next: 29%
Magic:  10/25      EV: 11    Int:  3    God:    Okawaru [*****.]
Gold:   1472       SH:  0    Dex: 13    Spells: 16/16 levels left

rFire   . . .      SeeInvis +   a - +8 longbow "Zephyr" {speed, Dex+3 SInv}
rCold   + . .      Faith    .   (shield currently unavailable)
rNeg    + + +      Spirit   .   D - +2 chain mail of the Fiddle {Will+}
rPois   ∞          Reflect  .   b - +2 helmet
rElec   .          Harm     .   P - +1 cloak {Will+}
rCorr   .          Rampage  .   p - +0 pair of gloves
Will    +++++                   L - +0 pair of boots {Fly}
Stlth   ..........              h - amulet of the acrobat
HPRegen 0.00/turn               f - ring of willpower
MPRegen 0.19/turn               N - ring of willpower

@: corroded, flying, inhibited regen, studying Ice Magic
A: claws 1, cold resistance 1, negative energy resistance 3, inhibited
regeneration, torment resistance 2
a: Renounce Religion, Heroism, Finesse, Duel


You were on level 2 of the Spider Nest.
You worshipped Okawaru.
Okawaru was extremely pleased with you.
You visited 5 branches of the dungeon, and saw 28 of its levels.
You also visited: Gauntlet and Ice Cave.

You collected 2340 gold pieces.
You spent 868 gold pieces at shops.

Inventory:

Hand Weapons
 a - the +8 longbow "Zephyr" (weapon) {speed, Dex+3 SInv}
   (You found it in an ice cave)

   Attacks with this weapon are significantly faster.
   Dex:       It affects your dexterity (+3).
   SInv:      It lets you see invisible.
Missiles
 e - 21 poisoned darts
 i - 4 javelins
 y - 2 curare-tipped darts
 G - 335 arrows (quivered ammo)
 R - 7 silver javelins
Armour
 b - a +2 helmet (worn)
 g - a +2 tower shield of cold resistance
 p - a +0 pair of gloves (worn)
 D - the +2 chain mail of the Fiddle (worn) {Will+}
   (Okawaru gifted it to you on level 10 of the Dungeon)

   Will:      It increases your willpower.
 L - a +0 pair of boots of flying (worn)
 P - a +1 cloak of willpower (worn)
Jewellery
 c - an amulet of faith
 f - a ring of willpower (left hand)
 h - an amulet of the acrobat (around neck)
 N - a ring of willpower (right hand)
Wands
 n - a wand of mindburst (10)
 s - a wand of flame (44)
 x - a wand of iceblast (27)
 B - a wand of paralysis (22)
 I - a wand of acid (15)
 K - a wand of digging (13)
Scrolls
 k - 4 scrolls of vulnerability
 l - 4 scrolls of immolation
 o - a scroll of blinking
 q - 3 scrolls of fog
 w - 4 scrolls of enchant weapon
 F - a scroll of torment
 J - 5 scrolls of teleportation
 M - a scroll of silence
Potions
 d - 15 potions of curing
 j - a potion of invisibility
 m - 2 potions of attraction
 t - 3 potions of might
 A - 4 potions of haste
 E - 3 potions of resistance
 H - a potion of heal wounds
 O - 3 potions of ambrosia
Miscellaneous
 Q - a tin of tremorstones (2/2)


   Skills:
 - Level 15.0 Fighting
 + Level 15.4 Bows
 - Level 1.7 Throwing
 - Level 7.0 Armour
 - Level 7.0 Dodging
 - Level 5.2 Shields
 - Level 15.0 Unarmed Combat
 - Level 12.0 Invocations
 - Level 8.0 Evocations


You had 16 spell levels left.
You didn't know any spells.
Your spell library contained the following spells:

 Spells                   Type           Power      Damage    Failure   Level
 Apportation              Tloc           0%         N/A       97%         1
 Freeze                   Ice            0%         1d3       97%         1
 Magic Dart               Conj           0%         1d3       97%         1
 Pain                     Necr           0%         1d4       97%         1
 Sandblast                Erth           0%         2d4       97%         1
 Shock                    Conj/Air       0%         1d3       97%         1
 Corpse Rot               Necr/Air       0%         N/A       99%         2
 Ensorcelled Hibernation  Hex/Ice        0%         N/A       99%         2
 Passwall                 Tmut/Erth      0%         N/A       99%         2
 Poisonous Vapours        Pois/Air       0%         N/A       99%         2
 Scorch                   Fire           0%         2d5       99%         2
 Static Discharge         Conj/Air       0%         N/A       99%         2
 Frozen Ramparts          Ice            0%         1d2       100%        3
 Gell's Gravitas          Tloc           0%         N/A       100%        3
 Inner Flame              Hex/Fire       0%         N/A       100%        3
 Mephitic Cloud           Conj/Pois/Air  0%         N/A       100%        3
 Ozocubu's Armour         Ice            0%         N/A       100%        3
 Stone Arrow              Conj/Erth      0%         3d7       100%        3
 Teleport Other           Tloc           0%         N/A       100%        3
 Vampiric Draining        Necr           0%         2d6       100%        3
 Cause Fear               Hex            0%         N/A       100%        4
 Dispel Undead            Necr           0%         3d6       100%        4
 Flame Wave               Conj/Fire      0%         2d4       100%        4
 Hailstorm                Conj/Ice       0%         3d3       100%        4
 Olgreb's Toxic Radiance  Pois           0%         N/A       100%        4
 Passage of Golubria      Tloc           0%         N/A       100%        4
 Petrify                  Tmut/Erth      0%         N/A       100%        4
 Sticky Flame             Conj/Fire      0%         2d3       100%        4
 Metabolic Englaciation   Hex/Ice        0%         N/A       100%        5
 Yara's Violent Unravell  Hex/Tmut       0%         3d3       100%        5
 Dispersal                Tloc           0%         N/A       100%        6
 Ozocubu's Refrigeration  Ice            0%         4d5       100%        7
 Discord                  Hex            0%         N/A       100%        8
 Disjunction              Tloc           0%         N/A       100%        8
 Ignition                 Fire           0%         3d3       100%        8
 Lehudib's Crystal Spear  Conj/Erth      0%         10d2      100%        8
 Maxwell's Capacitive Co  Air            0%         ∞         100%        8
 Animate Skeleton         Necr           Unusable   N/A       N/A         1
 Summon Small Mammal      Summ           Unusable   N/A       N/A         1
 Call Imp                 Summ           Unusable   N/A       N/A         2
 Tukima's Dance           Hex            Unusable   N/A       N/A         3
 Summon Mana Viper        Hex/Summ       Unusable   N/A       N/A         5
 Simulacrum               Ice/Necr       Unusable   N/A       N/A         6
 Statue Form              Tmut/Erth      Unusable   N/A       N/A         6
 Summon Cactus Giant      Summ           Unusable   N/A       N/A         6

Dungeon Overview and Level Annotations

Branches:
Dungeon (15/15)            Temple (0/1) D:7            Lair (6/6) D:11
  Swamp (3/4) Lair:3       Spider (2/4) Lair:2        Slime (0/5) Lair:5
    Orc (2/2) D:10            Elf (0/3) Orc:2        Vaults (0/5) D:14
 Depths (0/4) D:15          IceCv (visited)         Gauntlet (visited)

Altars:
Cheibriados
Dithmenos
Elyvilon
Gozag
Hepliaklqana
Okawaru
Trog
Uskayaw
Yredelemnul
The Shining One
Beogh
Jiyva

Shops:
Orc:2 [(*!

Annotations:
D:4 1 runed translucent door, osoart's ghost, novice DrBe
Lair:1 exclusion: 2 oklob plants
Lair:4 exclusion: ice statue


Innate Abilities, Weirdness & Mutations

You thrive by killing the living.
You are immune to poison.
You have sharp fingernails.
Your flesh is cold resistant. (rC+)
You are immune to negative energy. (rN+++)
You do not regenerate when monsters are visible.
You are immune to unholy pain and torment.


Message History

Aim: an entropy weaver (moderately wounded, 68% to hit)
You shoot an arrow.
The arrow barely misses the entropy weaver.
The redback barely misses you.
The entropy weaver hits you but does no damage. x2
The entropy weaver hits you!
* * * LOW HITPOINT WARNING * * *
The entropy weaver barely misses you.
Fire: 338 arrows
Press: ? - help, Q - select action, (/) - cycle Shift-Dir - straight line, f/p - entropy weaver
Aim: an entropy weaver (moderately wounded, 68% to hit)
You shoot an arrow. The arrow hits the entropy weaver!
The entropy weaver is heavily wounded.
The jumping spider barely misses you. The jumping spider closely misses you.
The redback bites you but does no damage.
The entropy weaver closely misses you.
The entropy weaver hits you but does no damage.
The entropy weaver hits you.
* * * LOW HITPOINT WARNING * * *
The entropy weaver closely misses you.
Fire: 337 arrows
Press: ? - help, Q - select action, (/) - cycle Shift-Dir - straight line, f/p - entropy weaver
Aim: an entropy weaver (heavily wounded, 68% to hit)
You shoot an arrow. The arrow hits the entropy weaver!
The entropy weaver is severely wounded.
The jumping spider pounces on you!
* * * LOW HITPOINT WARNING * * *
The jumping spider bites you but does no damage.
The redback bites you!
* * * LOW HITPOINT WARNING * * *
Fire: 336 arrows
Press: ? - help, Q - select action, (/) - cycle Shift-Dir - straight line, f/p - entropy weaver
Aim: an entropy weaver (severely wounded, 68% to hit)
You shoot an arrow. The arrow misses the entropy weaver.
The entropy weaver hits you!
* * * LOW HITPOINT WARNING * * *
The entropy weaver hits you!
* * * LOW HITPOINT WARNING * * *
The entropy weaver hits you!
You die...

#.# #
..#### #.
.....# #^
....# ##..
....#
#....##
...
#...?.B#s#
#@s# #.##
##. .# #.
#. #


You could see an entropy weaver, a jumping spider and a redback.

Vanquished Creatures
  2 tentacled monstrosities
  A thorn hunter (Swamp:2)
  A fenstrider witch (Swamp:1)
  A ghost moth (Spider:1)
  A broodmother (Spider:1)
  3 eleionomae
  2 entropy weavers (Spider:1)
  A minotaur (Gauntlet)
  A spark wasp (Spider:1)
  2 bunyips
  Josephine (D:10)
  A rakshasa (D:15)
  8 vault guards (D:14)
  11 hydras
  The ghost of Viriser the Martial Artist, a journeyman GnTm of Cheibriados (D:12)
  4 ghost crabs
  2 centaur warriors (D:15)
  4 ogre magi
  3 catoblepae
  Erica (D:10)
  2 ironbound frosthearts (IceCv)
  A deep troll shaman (Lair:6)
  A merfolk aquamancer (D:12)
  A tengu warrior (D:14)
  5 alligators
  5 death yaks (Lair:6)
  19 two-headed ogres
  A soul eater (Gauntlet)
  4 spriggans
  Nergalle (D:12)
  A pharaoh ant (Spider:1)
  A goliath frog (Swamp:1)
  A glowing orange brain (D:15)
  5 spriggan druids
  5 bog bodies
  3 swamp dragons
  Pikel (D:8)
  A steelbarb worm (shapeshifter) (D:15)
  2 deep elf pyromancers
  A lindwurm (Lair:6)
  3 will-o-the-wisps (Swamp:3)
  5 manticores
  A wolf spider (Spider:2)
  6 elephants
  6 cyclopes
  15 ugly things
  An ice statue (IceCv)
  2 water nymphs (D:12)
  4 black mambas
  3 torpor snails
  2 unseen horrors (D:13)
  9 cane toads
  A freezing wraith (Lair:4)
  6 rime drakes
  10 komodo dragons
  5 yaktaurs (D:13)
  3 demonic crawlers (Spider:1)
  2 tengu conjurers (D:15)
  An efreet (D:11)
  A minotaur zombie (Gauntlet)
  6 trolls
  A meliai (Spider:1)
  A bloated husk (Swamp:3)
  16 polar bears
  4 hornets
  3 slime creatures (D:15)
  15 blink frogs
  9 tyrant leeches
  2 tarantellas (Spider:1)
  A raiju (Gauntlet)
  6 dream sheep (Lair:4)
  8 jumping spiders
  A jumping spider (shapeshifter) (D:15)
  4 shadows
  A vampire (D:12)
  5 wraiths
  A water elemental (D:14)
  71 yaks
  5 wyverns
  7 basilisks
  9 redbacks
  3 steam dragons
  5 vampire mosquitoes
  11 swamp worms
  Edmund (D:6)
  2 acid dragons
  4 wargs
  11 water moccasins
  4 swamp drakes
  2 black bears
  6 ice beasts (Lair:4)
  16 orc warriors
  28 ogres
  47 wolves
  8 centaurs
  2 kobold brigands
  11 bullfrogs
  2 scorpions
  A gnoll sergeant (D:11)
  3 wights (D:10)
  An electric eel (D:14)
  3 howler monkeys
  A bullfrog zombie (D:5)
  3 centaur zombies
  A jelly (D:5)
  10 orc priests
  2 hounds
  A centaur skeleton (D:3)
  Terence (D:3)
  3 iguanas
  9 hell rats
  13 orc wizards
  A howler monkey zombie (D:9)
  4 gnolls
  4 adders
  4 shadow imps (Gauntlet)
  13 white imps
  An ufetubus (D:4)
  5 worms
  A dart slug (D:3)
  59 orcs
  6 bats
  4 endoplasms
  2 giant cockroaches (D:2)
  5 goblins
  10 hobgoblins
  12 kobolds
  4 quokkas
  5 ball pythons
  A frilled lizard (D:1)
  5 rats
735 creatures vanquished.

Vanquished Creatures (others)
  An electric eel (D:12)
  An orc wizard (Orc:2)
  4 foxfires (Swamp:3)
  20 fungi
  25 plants
51 creatures vanquished.

Grand Total: 786 creatures vanquished

Notes
Turn   | Place    | Note
-------+----------+-------------------------------------------
     0 | D:1      | quokkamancerX the Ghoul Gladiator began the quest for the
                  | Orb.
     0 | D:1      | Reached XP level 1. HP: 17/17 MP: 0/0
   296 | D:1      | Reached XP level 2. HP: 23/24 MP: 1/1
  1178 | D:2      | Reached XP level 3. HP: 19/29 MP: 2/2
  1872 | D:2      | Reached skill level 5 in Unarmed Combat
  2093 | D:2      | Reached XP level 4. HP: 36/36 MP: 3/3
  2172 | D:3      | Found an iron altar of Okawaru.
  2214 | D:3      | Reached XP level 5. HP: 13/41 MP: 4/4
  2217 | D:3      | Became a worshipper of Warmaster Okawaru
  2555 | D:3      | Noticed Terence
  2578 | D:3      | Killed Terence
  2581 | D:3      | Found a faded altar of an unknown god.
  3541 | D:4      | Reached XP level 6. HP: 42/48 MP: 5/5
  3780 | D:4      | Reached * piety under Okawaru
  4000 | D:4      | Found a shadowy altar of Dithmenos.
  4004 | D:4      | Found an opulent altar of Gozag.
  4017 | D:4      | Found a snail-covered altar of Cheibriados.
  4025 | D:4      | Found a bloodstained altar of Trog.
  4030 | D:4      | Found a hazy altar of Hepliaklqana.
  4042 | D:4      | Found a hide-covered altar of Uskayaw.
  4086 | D:4      | Found a runed translucent door.
  4086 | D:4      | Noticed osoart's ghost (novice DrBe)
  4205 | D:5      | Entered Level 5 of the Dungeon
  4376 | D:5      | Noticed a black bear
  4395 | D:5      | Killed a black bear
  4396 | D:5      | Reached XP level 7. HP: 55/55 MP: 6/6
  4749 | D:5      | Identified the +6 mace of the Hero {freeze, rF- Dex+6}
  4803 | D:5      | Got Sif Muna's Incunabulum of Flight and Stones
  4910 | D:5      | Found a basalt altar of Yredelemnul.
  6007 | D:6      | Reached skill level 10 in Unarmed Combat
  6165 | D:6      | Reached ** piety under Okawaru
  6166 | D:6      | Reached XP level 8. HP: 63/63 MP: 7/7
  6166 | D:6      | Noticed Edmund
  6196 | D:6      | Killed Edmund
  6374 | D:6      | Found the dreamshard necklace {*Dream Drain}
  6400 | D:6      | Reached skill level 5 in Fighting
  6838 | D:6      | Reached *** piety under Okawaru
  7274 | D:7      | Identified the +11 hand axe "Tijyul" {vorpal, Fragile rElec
                  | rN+}
  7424 | D:7      | Got First Steps in Magic
  7581 | D:7      | Reached XP level 9. HP: 71/81 MP: 8/8
  7801 | D:7      | Found a staircase to the Ecumenical Temple.
  8027 | D:8      | Noticed a two-headed ogre
  8054 | D:8      | Killed a two-headed ogre
  8055 | D:8      | Reached skill level 10 in Fighting
  8343 | D:8      | Reached skill level 1 in Invocations
  8357 | D:8      | Reached **** piety under Okawaru
  8369 | D:8      | Reached skill level 5 in Invocations
  8376 | D:8      | Reached XP level 10. HP: 83/93 MP: 8/13
  9363 | D:9      | Reached ***** piety under Okawaru
  9372 | D:9      | Noticed Pikel
  9528 | D:8      | Killed Pikel
 10549 | D:10     | Entered Level 10 of the Dungeon
 10650 | D:10     | Identified the +2 chain mail of the Fiddle {Will+} (Okawaru
                  | gifted it to you on level 10 of the Dungeon)
 10650 | D:10     | Received a gift from Okawaru
 10783 | D:10     | Noticed a two-headed ogre
 10891 | D:10     | Noticed Erica
 10897 | D:10     | Killed Erica
 10968 | D:10     | Reached XP level 11. HP: 83/104 MP: 13/15
 11161 | D:10     | Found a staircase to the Orcish Mines.
 11447 | D:10     | Killed a two-headed ogre
 12723 | D:11     | Noticed Josephine
 12779 | D:10     | Killed Josephine
 12780 | D:10     | Reached skill level 10 in Invocations
 13615 | D:11     | Found a staircase to the Lair.
 14001 | D:11     | Noticed a red ugly thing
 14005 | D:11     | Noticed a manticore
 14213 | D:11     | Killed a manticore
 14249 | D:11     | Killed a red ugly thing
 14658 | Lair:1   | Entered Level 1 of the Lair of Beasts
 14751 | Lair:1   | Reached XP level 12. HP: 71/112 MP: 20/20
 16136 | Lair:2   | Received a gift from Okawaru
 16600 | Lair:2   | Found a hole to the Spider Nest.
 16894 | Lair:2   | Noticed a four-headed hydra
 16898 | Lair:2   | Noticed a four-headed hydra
 16900 | Lair:2   | Killed a four-headed hydra
 16921 | Lair:2   | Killed a four-headed hydra
 17190 | Lair:2   | Received a gift from Okawaru
 17589 | Lair:2   | Reached skill level 15 in Unarmed Combat
 17633 | Lair:2   | Reached skill level 1 in Armour
 18150 | Lair:3   | Noticed a six-headed hydra
 18158 | Lair:3   | Killed a six-headed hydra
 18171 | Lair:3   | Found a staircase to the Swamp.
 18261 | Lair:3   | Noticed a six-headed hydra
 18268 | Lair:3   | Killed a six-headed hydra
 18471 | Lair:3   | Reached skill level 5 in Armour
 18781 | Lair:4   | Noticed an eight-headed hydra
 18791 | Lair:4   | Killed an eight-headed hydra
 19005 | Lair:4   | Noticed a catoblepas
 19020 | Lair:4   | Killed a catoblepas
 19021 | Lair:4   | Reached XP level 13. HP: 118/118 MP: 13/21
 19777 | Lair:4   | Reached skill level 5 in Dodging
 20409 | Lair:4   | Received a gift from Okawaru
 21736 | Lair:4   | Identified the +4 scale mail of the Watermelon {Int+2}
                  | (Okawaru gifted it to you on level 4 of the Lair of Beasts)
 21736 | Lair:4   | Received a gift from Okawaru
 22187 | Lair:5   | You fall into a shaft and drop 1 floor!
 22187 | Lair:6   | Entered Level 6 of the Lair of Beasts
 22623 | Lair:5   | Reached XP level 14. HP: 132/132 MP: 22/22
 22814 | Lair:5   | Found a viscous altar of Jiyva.
 22814 | Lair:5   | Found a staircase to the Slime Pits.
 23706 | Lair:5   | Reached skill level 15 in Fighting
 23844 | Lair:6   | Reached skill level 1 in Evocations
 25016 | Lair:6   | Reached skill level 5 in Evocations
 25641 | D:12     | Noticed Nergalle
 25660 | D:12     | Killed Nergalle
 26282 | D:12     | Identified the +11 long sword of Mayph {drain, rN+++ Int+4
                  | Stlth-}
 26517 | D:12     | Found a runed translucent door.
 26517 | D:12     | Noticed Viriser's ghost (journeyman GnTm)
 26526 | D:12     | Killed Viriser's ghost
 26639 | Orc:1    | Entered Level 1 of the Orcish Mines
 26639 | Orc:1    | Found a frozen archway.
 26794 | IceCv    | Entered an ice cave
 27086 | IceCv    | Reached skill level 1 in Shields
 27779 | IceCv    | Received a gift from Okawaru
 27792 | IceCv    | Reached XP level 15. HP: 93/141 MP: 17/23
 27813 | IceCv    | Reached skill level 5 in Shields
 28048 | IceCv    | Found the +8 longbow "Zephyr" {speed, Dex+3 SInv}
 28059 | IceCv    | Got the Reference Book on Enchantment and Earth
 28499 | Orc:1    | Reached skill level 1 in Bows
 29159 | Orc:2    | Entered Level 2 of the Orcish Mines
 29449 | Orc:2    | Found a staircase to the Elven Halls.
 30601 | Orc:2    | Received a gift from Okawaru
 30602 | Orc:2    | Reached skill level 5 in Bows
 31830 | Orc:2    | Received a gift from Okawaru
 31873 | Orc:2    | Found Lyukeffoi's Antique Armour Emporium.
 31894 | Orc:2    | Found Moyt's Distillery.
 31894 | Orc:2    | Found Woybb's Antique Weapon Shop.
 31895 | Orc:2    | Found Bowaut's Assorted Antiques.
 31911 | Orc:2    | Bought a scroll of immolation for 94 gold pieces
 31911 | Orc:2    | Bought a scroll of identify for 54 gold pieces
 31911 | Orc:2    | Bought a scroll of teleportation for 81 gold pieces
 31911 | Orc:2    | Bought 2 fizzy green potions for 48 gold pieces
 31941 | Orc:2    | Bought a glowing hat for 231 gold pieces
 31946 | Orc:2    | Bought a potion of invisibility for 120 gold pieces
 31946 | Orc:2    | Bought a potion of curing for 45 gold pieces
 31946 | Orc:2    | Bought a potion of attraction for 45 gold pieces
 31946 | Orc:2    | Bought a potion of heal wounds for 75 gold pieces
 31946 | Orc:2    | Bought a potion of heal wounds for 75 gold pieces
 35191 | D:14     | Found a gate to the Vaults.
 35257 | D:14     | Reached XP level 16. HP: 78/149 MP: 22/24
 35649 | D:14     | Reached skill level 10 in Bows
 35811 | D:15     | Entered Level 15 of the Dungeon
 35978 | D:15     | Found a gate leading to a gauntlet.
 35987 | Gauntlet | Entered a Gauntlet
 35987 | Gauntlet | Found a transporter.
 35987 | Gauntlet | Found a transporter.
 35987 | Gauntlet | Found a runed translucent door.
 35987 | Gauntlet | Found a runed translucent door.
 35998 | Gauntlet | Found a transporter.
 36002 | Gauntlet | Found a transporter.
 36010 | Gauntlet | Found a transporter.
 36015 | Gauntlet | Found a transporter.
 36021 | Gauntlet | Found a runed translucent gate.
 36023 | Gauntlet | Found a transporter.
 36024 | Gauntlet | Found a runed translucent gate.
 36024 | Gauntlet | Found a runed translucent gate.
 36043 | Gauntlet | Found a transporter.
 36063 | Gauntlet | Found a transporter.
 36064 | Gauntlet | Found a transporter.
 36072 | Gauntlet | Found a transporter.
 36076 | Gauntlet | Found a transporter.
 36618 | Gauntlet | Identified the +5 battleaxe "Giantslayer" {freeze, MP+9
                  | Dex-2 Stlth+}
 36627 | Gauntlet | Received a gift from Okawaru
 37567 | D:15     | Received a gift from Okawaru
 38112 | D:15     | Identified the +10 hunting sling of Disharmony {freeze,
                  | rElec rCorr}
 38708 | D:15     | Found a staircase to the Depths.
 39042 | Swamp:1  | Entered Level 1 of the Swamp
 39042 | Swamp:1  | Noticed a tentacled monstrosity
 39051 | Swamp:1  | Killed a tentacled monstrosity
 39923 | Swamp:1  | Noticed a fenstrider witch
 40071 | Swamp:1  | Killed a fenstrider witch
 41589 | Swamp:2  | Noticed a thorn hunter
 41600 | Swamp:2  | Killed a thorn hunter
 41600 | Swamp:2  | Received a gift from Okawaru
 41705 | Swamp:2  | Identified the +1 robe of Leaves {Dex+3}
 43647 | Swamp:3  | Reached XP level 17. HP: 156/156 MP: 25/25
 43664 | Swamp:3  | Noticed a tentacled monstrosity
 43676 | Swamp:3  | Killed a tentacled monstrosity
 43878 | Swamp:3  | Received a gift from Okawaru
 43990 | Swamp:3  | Found the +9 staff of Wucad Mu {*channel}
 44437 | Spider:1 | Entered Level 1 of the Spider Nest
 45125 | Spider:1 | Reached skill level 15 in Bows
 45639 | Spider:1 | Received a gift from Okawaru
 45677 | Spider:2 | HP: 2/156 [entropy weaver (7)]
 45677 | Spider:2 | Mangled by an entropy weaver

Illustrated notes

Levels and vault maps discovered:
D:1:      minmay_arrival_split_and_join, layout_basic
D:2:      layout_basic
D:3:      layout_rooms, okawaru_trees_2, hellmonk_ecumenical_altar_arch_garden,
          eino_tiny_chamber, uniq_terence
D:4:      layout_basic, grunt_temple_overflow_octagram,
          ebering_ghost_inner_flame, st_stairs_6, hangedman_decor_lopped
D:5:      layout_layer_cave, mainiacjoe_overflow_small_starburst
D:6:      layout_loops_ring, elyvilon_altar_5, uniq_edmund
D:7:      layout_basic, temple_hall
D:8:      layout_basic
D:9:      layout_loops_ring, uniq_pikel
D:10:     layout_basic, minmay_orc_entry_temple_small, serial_co_window_serial,
          co_window_cross_1, co_window_of_opportunity_a,
          co_window_of_opportunity_a, co_window_of_opportunity_a,
          co_window_of_opportunity_a, co_window_paths_c,
          co_window_of_opportunity_c, co_window_of_opportunity_b,
          co_window_broadway_a, co_window_corner_b, co_window_of_opportunity_b,
          co_window_4corner_a, glass_columns_b, glass_columns_c,
          glass_columns_b, uniq_erica
D:11:     nicolae_cairo_tiling, layout_gridville, erik_lair_orcish_takeover,
          uniq_josephine
D:12:     layout_gridville, gammafunk_ghost_grave, nicolae_splish_splash,
          uniq_nergalle
D:13:     layout_gridville
D:14:     layout_basic, erik_vaults_2, nicolae_tso_carved_into_rock
D:15:     gammafunk_enter_depths_forms, layout_loops_corners,
          amcnicky_mini_rare_corridor_liquid, gauntlet_entry_generic
Lair:1:   minmay_lair_oklob_tunnel, layout_cave_pods, serial_rivers,
          chequers_serial_rivers_small_a, chequers_serial_rivers_small_b,
          chequers_serial_rivers_marsh, chequers_serial_rivers_micro_d,
          chequers_serial_rivers_room_b, chequers_serial_rivers_marsh
Lair:2:   layout_cave_pods, spider_nest_entry_a, lemuel_fruit_tree
Lair:3:   layout_loops_ring, swamp_mist_pool
Lair:4:   layout_regular_city, ice2_lemuel
Lair:5:   layout_big_grid, slime_altar_1
Lair:6:   grunt_lair_end_beastmaster, layout_layer_cave, minmay_lair_drake_nest,
          grunt_megastairs_1
Swamp:1:  layout_falls_marsh, evilmike_swamp_ruin_house_1, swamp_pool3
Swamp:2:  nicolae_swamp_ascending_descending, layout_basic_swamp,
          evilmike_swamp_ruin_house_5
Swamp:3:  layout_falls_marsh, serial_swamp_ruin, hangedman_swamp_ruin_wall,
          evilmike_swamp_ruin_house_3, evilmike_swamp_ruin_house_4,
          nicolae_swamp_feature_on_the_river_bank
Spider:1: nicolae_spider_hilbert_zone_4 [nicolae_spider_hilbert_4_sides_2_open,
          nicolae_spider_hilbert_4_sides_1_open,
          nicolae_spider_hilbert_4_sides_1_open,
          nicolae_spider_hilbert_4_sides_1_open,
          nicolae_spider_hilbert_4_sides_1_open,
          nicolae_spider_hilbert_2_sides_1_open,
          nicolae_spider_hilbert_2_sides_1_open,
          nicolae_spider_hilbert_2_sides_1_open,
          nicolae_spider_hilbert_2_sides_1_open,
          nicolae_spider_hilbert_6_sides_1_open,
          nicolae_spider_hilbert_6_sides_1_open,
          nicolae_spider_hilbert_3_sides_1_open,
          nicolae_spider_hilbert_3_sides_1_open], nicolae_spider_shape
Spider:2: layout_spider_delve
Orc:1:    layout_caves, portal_ice_cave_entry_imps
Orc:2:    st_orc_ogre_mass, layout_diamond_mine, mines_bat_river

Skill      XL: |  1  2  3  4  5  6  7  8  9 10 11 12 13 14 15 16 17 |
---------------+----------------------------------------------------+-----
Unarmed Combat | 4 5 6 7 8 10 12 15 | 15.0
Fighting       | 3 8 10 12 14 15 | 15.0
Invocations    | 6 12 | 12.0
Armour         | 6 7 |  7.0
Dodging        | 7 |  7.0
Evocations     | 8 |  8.0
Shields        | 4 5 |  5.2
Bows           | 9 14 15 | 15.4
Throwing       | |  1.7

Action                   |  1- 3 |  4- 6 |  7- 9 | 10-12 | 13-15 | 16-18 || total
-------------------------+-------+-------+-------+-------+-------+-------++-------
Melee: Unarmed           |    91 |   134 |   199 |   522 |  1303 |   182 ||  2431
       Punch             |     1 |     8 |     8 |    47 |    71 |       ||   135
       Longbow           |       |       |       |       |       |     1 ||     1
 Fire: Longbow           |       |       |       |       |       |   523 ||   523
Throw: Dart              |       |     5 |     8 |     7 |    22 |     2 ||    44
       Throwing net      |       |     1 |     1 |     2 |       |       ||     4
Invok: Heroism           |       |       |     2 |    13 |    37 |     9 ||    61
       Finesse           |       |       |       |     6 |    11 |     2 ||    19
Evoke: Wand              |       |       |     4 |    17 |     1 |     1 ||    23
  Use: Scroll            |       |     7 |     5 |     7 |     9 |    10 ||    38
       Potion            |       |       |     1 |     1 |     2 |    11 ||    15
 Stab: Held in net/web   |       |       |     1 |     5 |       |       ||     6
Armor: Leather armour    |     3 |       |       |       |       |       ||     3
       Scale mail        |    32 |    34 |       |       |       |       ||    66
       Chain mail        |       |    27 |    12 |   173 |   531 |   330 ||  1073
       Plate armour      |       |       |    69 |    36 |       |       ||   105
Dodge: Dodged            |    34 |    52 |    67 |   188 |   478 |   267 ||  1086
Block: Tower shield      |       |       |       |       |   427 |   148 ||   575
